 Dungeon Crawl Stone Soup version 0.32-a0-22-g6ae6769602 (webtiles) character file.

Game seed: 2749878545366688881

782 funkygono the Magician (level 7, -1/36 HPs)
             Began as a Deep Elf Fire Elementalist on Jan 18, 2024.
             Was an Initiate of Vehumet.
             Slain by a killer bee (6 damage)
             ... on level 6 of the Dungeon.
             The game lasted 00:10:53 (4444 turns).

funkygono the Magician (Deep Elf Fire Elementalist) Turns: 4444, Time: 00:10:54

Health: -1/36      AC:  6    Str:  5    XL:     7   Next: 55%
Magic:  10/20      EV: 13    Int: 22    God:    Vehumet [......]
Gold:   176        SH:  0    Dex: 15    Spells: 7/21 levels left

rFire   . . .        n - +4 short sword (drain)
rCold   . . .        (no shield)
rNeg    . . .        a - +1 robe
rPois   .            (no helmet)
rElec   .            d - +2 cloak
rCorr   +            (no gloves)
SInv    .            (no boots)
Will    .....        (no amulet)
Stlth   ++           r - ring of resist corrosion
HPRegen 0.26/turn    c - ring of wizardry
MPRegen 0.17/turn

%: wizardry (x1)
@: lethally poisoned (-1 -> -7)
A: no striking features
a: Renounce Religion


You were on level 6 of the Dungeon.
You worshipped Vehumet.
Vehumet was noncommittal.
You visited 2 branches of the dungeon, and saw 7 of its levels.

You collected 176 gold pieces.

Inventory:

Hand Weapons
 n - a +4 short sword of draining (weapon)
Armour
 a - a +1 robe (worn)
 d - a +2 cloak (worn)
Jewellery
 c - a ring of wizardry (right hand)
 r - a ring of resist corrosion (left hand)
Scrolls
 f - 2 scrolls of blinking
 g - a scroll of revelation {unknown}
 i - a scroll of amnesia {unknown}
Potions
 b - 2 potions of magic
 e - 2 potions of invisibility
 h - 3 potions of curing
 j - a potion of brilliance
 o - a potion of haste
 p - 2 potions of heal wounds


   Skills:
 + Level 2.7 Dodging
 + Level 3.4 Stealth
 + Level 7.7 Spellcasting
 + Level 4.0 Conjurations
 + Level 6.2 Fire Magic


You had 7 spell levels left.
You knew the following spells:

 Your Spells              Type           Power      Damage    Failure   Level
a - Foxfire               Conj/Fire      100%       2x1d9     1%          1
b - Scorch                Fire           70%        2d7       1%          2
c - Inner Flame           Hex/Fire       22%        N/A       2%          3
d - Flame Wave            Conj/Fire      31%        2d9       3%          4
e - Sticky Flame          Fire/Alch      22%        2d6       9%          4

Your spell library contained the following spells:

 Spells                   Type           Power      Damage    Failure   Level
 Momentum Strike          Conj/Tloc      34%        3d8       1%          2
 Volatile Blastmotes      Fire/Tloc      44%        2d13      2%          3
 Blink                    Tloc           16%        N/A       4%          2
 Lesser Beckoning         Tloc           16%        N/A       4%          2


Dungeon Overview and Level Annotations

Branches:
Dungeon (6/15)             Temple (1/1) D:5

Altars:
Ashenzari
Cheibriados
Dithmenos
Elyvilon
Fedhas
Hepliaklqana
Nemelex Xobeh
Okawaru
Qazlal
Ru
Uskayaw
Vehumet
Wu Jian
Xom
Yredelemnul
Zin

Shops:
D:5 *


Message History

Unknown command.
Casting: Flame Wave (quite dangerous; 4% risk of failure)
Confirm with . or Enter, or press ? or * to list all spells.
Casting: Flame Wave (quite dangerous; 4% risk of failure)
Press: ? - help, Dir - look around, f - activate A wave of flame ripples out!
The flame wave engulfs the killer bee.
The killer bee is heavily wounded.
The flame wave engulfs the killer bee!
The killer bee is burned terribly!
You kill the killer bee!
Vehumet accepts your kill. (Press . to intensify the flame waves.)
The killer bee stings you but does no damage.
The killer bee stings you.
You are poisoned.
The killer bee poisons you!
Your Conjurations skill increases to level 4!
A wave of flame ripples out!
The flame wave engulfs the killer bee!
The killer bee is heavily wounded.
The flame wave engulfs the killer bee!
You kill the killer bee!
Vehumet accepts your kill.
The flame wave engulfs the killer bee!
The killer bee is almost dead.
You feel very sick. The killer bee stings you.
* * * LOW HITPOINT WARNING * * *
The killer bee barely misses you. The killer bee closely misses you.
The killer bee stings you.
* * * LOW HITPOINT WARNING * * *
A wave of flame ripples out!
The flame wave engulfs the killer bee!
The killer bee is almost dead.
The flame wave engulfs the killer bee.
You kill the killer bee!
Vehumet accepts your kill.
You finish channelling waves of flame.
* * * LOW HITPOINT WARNING * * *
You feel sick. The killer bee stings you.
* * * LOW HITPOINT WARNING * * *
The killer bee stings you.
You die...

#.####......#
#..#
#..)........#
#.##
#######.##..#
#.#
##.#...#######.#
#............<.#
#..#...###.##.##
#.............#
#####.###..####
#.....#
#@y########
#.#####
#.†.†......
#.######### #†#
#.# #.# #.# #..
...


You could see a killer bee.

Vanquished Creatures
  A black bear (D:5)
  An ogre (D:5)
  4 killer bees (D:6)
  2 howler monkeys
  A bombardier beetle (D:5)
  2 jellies
  A hound (D:5)
  3 iguanas
  An orc wizard (D:4)
  7 adders
  3 dart slugs
  7 orcs
  8 ball pythons
  2 bats
  8 endoplasms
  3 giant cockroaches
  11 goblins
  6 hobgoblins
  4 jackals (D:3)
  6 kobolds
  4 quokkas
  4 frilled lizards
  7 rats
96 creatures vanquished.

Vanquished Creatures (others)
  277 foxfires
277 creatures vanquished.

Grand Total: 373 creatures vanquished

Notes
Turn   | Place    | Note
-------+----------+-------------------------------------------
     0 | D:1      | funkygono the Deep Elf Fire Elementalist began the quest
                  | for the Orb.
     0 | D:1      | Reached XP level 1. HP: 10/10 MP: 6/6
   273 | D:1      | Reached XP level 2. HP: 12/15 MP: 6/8
   276 | D:1      | Learned a level 2 spell: Scorch
  1134 | D:2      | Reached XP level 3. HP: 19/19 MP: 7/10
  1138 | D:2      | Learned a level 3 spell: Inner Flame
  1826 | D:3      | Reached skill level 4 in Spellcasting
  1946 | D:3      | Reached XP level 4. HP: 24/24 MP: 2/12
  2578 | D:3      | Found a faded altar of an unknown god.
  2601 | D:4      | Found a white marble altar of Elyvilon.
  2694 | D:4      | Reached skill level 5 in Spellcasting
  2694 | D:4      | Reached XP level 5. HP: 28/28 MP: 7/14
  3318 | D:4      | Found a shimmering altar of Xom.
  3321 | D:4      | Found a shadowy altar of Dithmenos.
  3325 | D:4      | Found a sparkling altar of Nemelex Xobeh.
  3519 | D:5      | Entered Level 5 of the Dungeon
  3519 | D:5      | Noticed an ogre
  3524 | D:5      | Killed an ogre
  3525 | D:5      | Reached skill level 6 in Spellcasting
  3525 | D:5      | Reached skill level 5 in Fire Magic
  3525 | D:5      | Reached XP level 6. HP: 32/32 MP: 11/17
  3573 | D:5      | Learned a level 4 spell: Flame Wave
  3706 | D:5      | Reached XP level 7. HP: 36/36 MP: 11/19
  3765 | D:5      | Found Nasti's General Store.
  3791 | D:5      | Reached skill level 7 in Spellcasting
  4140 | D:5      | Found a staircase to the Ecumenical Temple.
  4146 | Temple   | Entered the Ecumenical Temple
  4179 | Temple   | Became a worshipper of Vehumet
  4261 | D:5      | Learned a level 4 spell: Sticky Flame
  4444 | D:6      | Slain by a killer bee

Illustrated notes

Levels and vault maps discovered:
D:1:      lightli_arrival_noodles, layout_basic, item_on_display_a
D:2:      layout_loops_cross, serial_bayou_pond_a, dk_noncrumbling_4,
          chequers_serial_rivers_room_b
D:3:      layout_rooms, hellmonk_ecumenical_altar_dog_temple
D:4:      layout_basic, nicolae_overflow_crystal_walls,
          grunt_temple_overflow_diamond, chequers_serial_rivers_micro_d
D:5:      layout_rooms, minmay_temple_entry_fiery, serial_shops, shop
D:6:      layout_loops_ring, mainiacjoe_overflow_catwalk, minmay_quadrilaterals
Temple:   nicolae_temple_godzebo

Skill      XL: |  1  2  3  4  5  6  7 |
---------------+----------------------+-----
Fire Magic     | 4 5 6 |  6.2
Spellcasting   | 4 5 6 7 |  7.7
Conjurations   | 2 3 4 |  4.0
Stealth        | 3 |  3.4
Dodging        | |  2.7

Action                     |  1- 3 |  4- 6 |  7- 9 || total
---------------------------+-------+-------+-------++-------
  Melee: Dagger            |     1 |       |       ||     1
         Short sword       |       |     1 |       ||     1
   Cast: Foxfire           |    64 |    83 |    21 ||   168
         Scorch            |    10 |    13 |     4 ||    27
         Flame Wave        |       |       |     1 ||     1
    Use: Scroll            |       |    14 |       ||    14
         Potion            |       |     3 |       ||     3
 Armour: Robe              |     3 |     4 |    12 ||    19
  Dodge: Dodged            |     3 |     2 |     4 ||     9

Table legend: (Time is in decaauts)
 A = Elapsed time spent in this place.
 B = Non-inter-level travel time spent in this place.
 C = Inter-level travel time spent in this place.
 D = Time resting spent in this place.
 E = Time spent auto-exploring this place.
 F = Levels seen in this place.
 G = Mean time per level.
                   A        B        C        D        E       F      G
               +--------+--------+--------+--------+--------+-----+--------+
         Total |   4443 |   4284 |    159 |     63 |   3605 |   7 |  634.7 |
       Dungeon |   4376 |   4251 |    125 |     63 |   3605 |   6 |  729.3 |
        Temple |     66 |     33 |     33 |      0 |      0 |   1 |   66.0 |
               +--------+--------+--------+--------+--------+-----+--------+

Top non-repeatable levels by time:
     D:1: 939 daAuts
     D:4: 917 daAuts
     D:2: 884 daAuts
     D:3: 778 daAuts
     D:5: 682 daAuts
     D:6: 174 daAuts
  Temple: 66 daAuts
